 Dungeon Crawl Stone Soup version 0.27.0-65-ge2af304b15 (webtiles) character file.

Game seed: 191403343737087741

217 Malachi the Ruffian (level 5, -3/52 HPs)
             Began as a Troll Monk on Aug 19, 2021.
             Was a Priest of Vehumet.
             Succumbed to a scorpion's poison
             ... on level 4 of the Dungeon.
             The game lasted 00:02:54 (2648 turns).

Malachi the Ruffian (Troll Monk)                    Turns: 2648, Time: 00:02:55

Health: -3/52      AC:  5    Str: 20    XL:     5   Next: 61%
Magic:  4/4        EV: 10    Int:  6    God:    Vehumet [***...]
Gold:   197        SH:  0    Dex: 12    Spells: 3/4 levels left

rFire    . . .     SeeInvis +     - Unarmed
rCold    . . .     Faith    .   (no shield)
rNeg     . . .     Spirit   .   a - +1 robe
rPois    .         Reflect  .   (helmet restricted)
rElec    .         Harm     .   (no cloak)
rCorr    .         Rampage  .   (gloves unavailable)
Will     .....                  (boots unavailable)
Stlth    ++........             (no amulet)
HPRegen  1.17/turn              c - ring of see invisible
MPRegen  0.09/turn              (no ring)

@: mighty, lethally poisoned (-3 -> -25)
A: large, unfitting armour, claws 3, regeneration 1, shaggy fur 1, tough skin 1
a: Renounce Religion


You were on level 4 of the Dungeon.
You worshipped Vehumet.
Vehumet was most pleased with you.
You visited 1 branch of the dungeon, and saw 4 of its levels.

You collected 197 gold pieces.

Inventory:

Armour
 a - a +1 robe (worn)
Jewellery
 c - a ring of see invisible (left claw)
 h - a +6 ring of strength
Scrolls
 d - a scroll of fog
Potions
 e - 2 potions of might


   Skills:
 + Level 2.8 Fighting
 + Level 3.1 Dodging
 + Level 1.3 Stealth
 + Level 5.3 Unarmed Combat


You had 3 spell levels left.
You knew the following spells:

 Your Spells              Type           Power      Damage    Failure   Level
a - Freeze                Ice            0%         1d3       13%         1

Your spell library contained the following spells:

 Spells                   Type           Power      Damage    Failure   Level
 Inner Flame              Hex/Fire       0%         N/A       36%         3
 Magic Dart               Conj           0%         1d3       13%         1
 Searing Ray              Conj           0%         3d3       19%         2
 Corpse Rot               Necr/Air       N/A        N/A       58%         2
 Fulminant Prism          Conj/Hex       0%         3d6       73%         4
 Dispel Undead            Necr           0%         3d6       99%         4
 Death Channel            Necr           0%         N/A       100%        6


Dungeon Overview and Level Annotations

Branches:
Dungeon (4/15)
 Temple: D:4-7

Altars:
Vehumet


Innate Abilities, Weirdness & Mutations

You are too large for most types of armour.
You have claws for hands.
Your natural rate of healing is unusually fast.
You are covered in fur. (AC +1)
You have tough skin. (AC +1)


Message History

You are poisoned.
You see here a book of Frost.
You barely miss the orc.
You feel very sick. The orc misses you.
The orc priest mumbles some strange prayers to Beogh against you.
You barely resist. You claw the orc!
The orc is almost dead.
You feel sick. The orc hits you with a +0 falchion.
The orc priest hits you from afar with a +2 trident of venom.
You mangle the orc!!
You kill the orc!
Vehumet accepts your kill.
You feel sick.
The orc priest hits you from afar with a +2 trident of venom.
You are more poisoned.
You barely miss the scorpion.
You feel very sick. The scorpion stings you.
You are more poisoned.
The scorpion poisons you!
The orc priest hits you from afar with a +2 trident of venom.
You are lethally poisoned!
You feel very mighty all of a sudden.
You feel extremely sick.
The scorpion stings you but does no damage.
The orc priest invokes the aid of Beogh against you.
Pain shoots through your body!
* * * LOW HITPOINT WARNING * * *
The scorpion stings you.
* * * LOW HITPOINT WARNING * * *
You are more poisoned.
The scorpion poisons you!
* * * LOW HITPOINT WARNING * * *
You feel extremely sick. The orc priest closely misses you.
You claw the orc priest!
The orc priest is severely wounded.
You die...

#####.....#...#
#.....#...# #.....#...#
#.....'...# .
#.....#...# ..
########.########...
#..##.##.#........# .
#........#...o....#
...##........#.)@.....#
.............'.:s.....#
.............#........#
.####.###..###........#
.########..#
....##+#...
...........#.....+ ..
...........#.....# .
...........#.....#
.##..###...#.....#


You could see a scorpion and an orc priest.

Vanquished Creatures
  A hound (D:4)
  A jelly (D:4)
  Terence (D:2)
  A gnoll (D:1)
  4 adders
  A worm (D:2)
  2 dart slugs
  3 orcs
  6 ball pythons
  8 bats
  6 endoplasms
  A giant cockroach (D:2)
  4 goblins
  8 hobgoblins
  8 jackals
  9 kobolds
  3 quokkas
  2 frilled lizards
  4 rats
73 creatures vanquished.

Vanquished Creatures (others)
  A fungus (D:1)
1 creature vanquished.

Grand Total: 74 creatures vanquished

Notes
Turn   | Place    | Note
-------+----------+-------------------------------------------
     0 | D:1      | Malachi the Troll Monk began the quest for the Orb.
     0 | D:1      | Reached XP level 1. HP: 22/22 MP: 0/0
   140 | D:1      | Reached XP level 2. HP: 27/29 MP: 1/1
   452 | D:1      | Reached XP level 3. HP: 35/36 MP: 2/2
  1037 | D:2      | Found a faded altar of an unknown god.
  1043 | D:2      | Reached skill level 4 in Unarmed Combat
  1091 | D:2      | Became a worshipper of Vehumet
  1091 | D:2      | Reached * piety under Vehumet
  1091 | D:2      | Offered knowledge of Magic Dart by Vehumet.
  1091 | D:2      | Reached ** piety under Vehumet
  1160 | D:2      | Reached XP level 4. HP: 44/44 MP: 3/3
  1219 | D:2      | Noticed Terence
  1225 | D:2      | Killed Terence
  1299 | D:2      | Offered knowledge of Freeze by Vehumet.
  1342 | D:2      | Learned a level 1 spell: Freeze
  1423 | D:2      | Reached *** piety under Vehumet
  1423 | D:2      | Offered knowledge of Inner Flame by Vehumet.
  1923 | D:3      | Reached XP level 5. HP: 50/52 MP: 4/4
  2355 | D:4      | Reached skill level 5 in Unarmed Combat
  2647 | D:4      | HP: 2/52 [poisoned by a scorpion]
  2648 | D:4      | Succumbed to a scorpion's poison

Illustrated notes

Levels and vault maps discovered:
D:1:      dpeg_arrival_water_fire, layout_basic, minmay_cupped
D:2:      layout_basic, ebering_ecumenical_altar_rust, eino_curves_01,
          uniq_terence
D:3:      layout_loops_ring
D:4:      layout_gridville

Skill      XL: |  1  2  3  4  5 |
---------------+----------------+-----
Unarmed Combat | 4 5 |  5.3
Dodging        | 3 |  3.1
Fighting       | |  2.8
Stealth        | |  1.3

Action                   |  1- 3 |  4- 6 || total
-------------------------+-------+-------++-------
Melee: Unarmed           |   101 |   104 ||   205
       Punch             |     1 |     2 ||     3
  Use: Scroll            |       |     4 ||     4
       Potion            |       |     1 ||     1
 Stab: Sleeping          |     1 |     2 ||     3
Armor: Robe              |    32 |    43 ||    75
Dodge: Dodged            |    44 |    47 ||    91
